 Dungeon Crawl Stone Soup version 0.28.0-53-g5a82cb258f (webtiles) character file.

Game seed: 17145858979944860753

38 hawla the Digger (level 3, 0/19 HPs)
             Began as a Deep Elf Earth Elementalist on June 7, 2022.
             Slain by a hobgoblin (3 damage)
             ... on level 3 of the Dungeon.
             The game lasted 00:06:01 (2588 turns).

hawla the Digger (Deep Elf Earth Elementalist)      Turns: 2588, Time: 00:06:02

Health: 0/19       AC:  2    Str:  7    XL:     3   Next: 25%
Magic:  7/10       EV: 12    Int: 19    God:
Gold:   71         SH:  0    Dex: 15    Spells: 8/9 levels left

rFire   + . .      SeeInvis .   d - staff of fire
rCold   . . .      Faith    .   (no shield)
rNeg    . . .      Spirit   .   b - +0 robe
rPois   .          Reflect  .   (no helmet)
rElec   .          Harm     .   (no cloak)
rCorr   .          Rampage  .   (no gloves)
Will    .....                   (no boots)
Stlth   +.........              (no amulet)
HPRegen 0.06/turn               (no ring)
MPRegen 0.12/turn               (no ring)

@: silenced
A: no striking features
a: no special abilities


You were on level 3 of the Dungeon.
You visited 1 branch of the dungeon, and saw 3 of its levels.

You collected 71 gold pieces.

Inventory:

Missiles
 c - 77 stones
Armour
 b - a +0 robe (worn)
Magical Staves
 d - a staff of fire (weapon)
Potions
 a - a potion of heal wounds {unknown}
 f - a potion of resistance
 g - a potion of mutation {unknown}


   Skills:
 + Level 2.5 Dodging
 + Level 2.5 Stealth
 + Level 3.6 Spellcasting
 + Level 1.1 Transmutations
 * Level 0.9 Fire Magic
 + Level 4.0 Earth Magic
 * Level 0.8 Evocations


You had 8 spell levels left.
You knew the following spells:

 Your Spells              Type           Power      Damage    Failure   Level
a - Sandblast             Erth           36%        2d10      2%          1

Your spell library contained the following spells:

 Spells                   Type           Power      Damage    Failure   Level
 Passwall                 Tmut/Erth      10%        N/A       8%          2
 Stone Arrow              Conj/Erth      22%        3d8       19%         3
 Gell's Gravitas          Tloc           3%         N/A       38%         3
 Lesser Beckoning         Tloc           3%         N/A       38%         3
 Teleport Other           Tloc           3%         N/A       38%         3
 Petrify                  Tmut/Erth      13%        N/A       45%         4


Dungeon Overview and Level Annotations

Branches:
Dungeon (3/15)

Altars:

Shops:
D:2 [


Message History

The ball python hisses angrily.
A hobgoblin comes into view.
Found a spear and 3 scrolls of fear.
Casting: Sandblast (safe; 2% risk of failure)
Confirm with . or Enter, or press ? or * to list all spells.
Aiming: Sandblast (safe; 2% risk of failure)
Press: ? - help, Shift-Dir - straight line, f - ball python
Aim: a ball python (77% to hit)
The blast of sand misses the ball python.
The hobgoblin shouts!
You hear an angry hiss.
The ball python closely misses you. The ball python barely misses you.
Casting: Sandblast (safe; 2% risk of failure)
Confirm with . or Enter, or press ? or * to list all spells.
Aiming: Sandblast (safe; 2% risk of failure)
Press: ? - help, Shift-Dir - straight line, f/p - ball python
Aim: a ball python (77% to hit)
The blast of sand hits the ball python!
You kill the ball python!
A giant cockroach comes into view.
A ball python comes into view.
Your Earth Magic skill increases to level 4!
Casting: Sandblast (safe; 2% risk of failure)
Confirm with . or Enter, or press ? or * to list all spells.
Aiming: Sandblast (safe; 2% risk of failure)
Press: ? - help, Shift-Dir - straight line, f - bullfrog zombie
Aim: a bullfrog zombie (87% to hit)
The blast of sand hits the bullfrog zombie!
The bullfrog zombie is moderately damaged.
The bullfrog zombie hits you. The hobgoblin closely misses you.
A hobgoblin comes into view.
The bullfrog zombie closely misses you.
As you read the scroll labelled NUFIAGY HIQARE, it crumbles to dust.
A profound silence engulfs you.
It was a scroll of silence.
The hobgoblin barely misses you. The hobgoblin hits you.
The bullfrog zombie hits you.
The ball python bites you but does no damage.
The ball python barely misses you.
Found 15 gold pieces.
The bullfrog zombie hits you.
* * * LOW HITPOINT WARNING * * *
The hobgoblin hits you.
You die...

#..#...#.#
#....#.#.
#........
##......#####
#.........?.
#.....B...# .##
#.........#...#
...##.@g...#
g......Zg.S.#
....#..S........
$.. #...........
. #...........
#........###
#####.##.# .# .#
.# #


You could see a bullfrog zombie, a giant cockroach, 3 hobgoblins and 2 ball
pythons.

Vanquished Creatures
  A dart slug (D:2)
  3 ball pythons
  4 endoplasms
  2 giant cockroaches (D:1)
  6 goblins
  A hobgoblin (D:1)
  2 jackals (D:1)
  2 quokkas (D:2)
  3 bats
  3 frilled lizards
  3 kobolds (D:1)
  2 rats (D:2)
32 creatures vanquished.

Notes
Turn   | Place    | Note
-------+----------+-------------------------------------------
     0 | D:1      | hawla the Deep Elf Earth Elementalist began the quest for
                  | the Orb.
     0 | D:1      | Reached XP level 1. HP: 10/10 MP: 6/6
   270 | D:1      | Reached XP level 2. HP: 15/15 MP: 5/8
  1459 | D:2      | Found Tetaox's Armour Emporium.
  1473 | D:2      | Reached XP level 3. HP: 19/19 MP: 8/10
  2586 | D:3      | Reached skill level 4 in Earth Magic
  2588 | D:3      | Slain by a hobgoblin

Illustrated notes

Levels and vault maps discovered:
D:1:      lightli_arrival_statuegarden, layout_basic, grunt_decor_arrowhead
D:2:      layout_basic, serial_shops, shop, kennysheep_generic_room_10,
          uniq_crazy_yiuf_cottage
D:3:      layout_basic, serial_shops, nicolae_shop_hallway_plus,
          nicolae_shop_trees, nicolae_square_shop, shop_fountains, uniq_robin

Skill      XL: |  1  2  3 |
---------------+----------+-----
Earth Magic    | 4 |  4.0
Dodging        | |  2.5
Stealth        | |  2.5
Spellcasting   | |  3.6
Transmutations | |  1.1
Fire Magic     | |  0.9
Evocations     | |  0.8

Action                   || total
-------------------------++-------
Melee: Staff             ||    12
 Cast: Sandblast         ||    45
  Use: Scroll            ||     4
 Stab: Sleeping          ||     1
Armor: Robe              ||     3
Dodge: Dodged            ||    22
